[Event "Late-Titled-Tuesday-Blitz-October-24-2023"]
[Site "Chess.com"]
[Date "2023.10.24"]
[Round "2"]
[White "keepitcoming"]
[Black "Barmen_EV"]
[Result "0-1"]
[WhiteElo "2226"]
[BlackElo "2494"]
[TimeControl "180+1"]
[EndTime "14:18:17 PDT"]
[Termination "Barmen_EV won by checkmate"]

1. d4 d5 2. c4 e6 3. Nc3 Nf6 4. cxd5 exd5 5. Bg5 Bb4 6. e3 h6 7. Bh4 Bf5 8. Qf3 Be4 9. Bxf6 gxf6 10. Qd1 Nd7 11.
Ne2 c5 12. Ng3 Bg6 13. a3 Ba5 14. Bb5 c4 15. O-O Bxc3 16. bxc3 a6 17. Ba4 Bd3 18.
Re1 Qa5 19. e4 O-O-O 20. exd5 Qxd5 21. Bc2 Bxc2 22. Qxc2 h5 23. Nf5 Kb8 24. Rab1 Rdg8 25. f4 h4 26. Ne7 Qd6 27. Nxg8 Rxg8 28. Qe2 h3 29. g3 Qxf4 30. Qe4 Qc7 31. Rxb7+ Qxb7 32. Rb1 Nb6 33. Qf4+ Ka7 34. a4 Qg2# 0-1

[Event "Late-Titled-Tuesday-Blitz-October-24-2023"]
[Site "Chess.com"]
[Date "2023.10.24"]
[Round "2"]
[White "sergiochess83"]
[Black "marik_spb"]
[Result "1-0"]
[WhiteElo "2877"]
[BlackElo "2387"]
[TimeControl "180+1"]
[EndTime "14:18:20 PDT"]
[Termination "sergiochess83 won by checkmate"]

1. d4 Nf6 2. c4 e6 3. Nf3 b6 4. g3 Bb7 5. Bg2 Be7 6. O-O O-O 7.
d5 exd5 8. Nh4 c6 9. cxd5 cxd5 10. Nf5 Nc6 11. Nc3 d4 12. Nxd4 Nxd4 13. Bxb7 Rb8 14. Bg2 Ne6 15. b3 Re8 16. Bb2 Rc8 17. Rc1 Bb4 18. e3 Qe7 19. Nd5 Nxd5 20. Qxd5 Rxc1 21.
Rxc1 Ba3 22. Bxa3 Qxa3 23. Rc2 h6 24. h4 d6 25. Qc6 Rd8 26. Bd5 Qa5 27. Kg2 Nc5 28.
Rc4 Rf8 29. Rf4 Qxa2 30. Rxf7 Rxf7 31. Qe8+ Kh7 32. Bxf7 h5 33. Qg8+ Kh6 34. Qh8# 1-0

[Event "Late-Titled-Tuesday-Blitz-October-24-2023"]
[Site "Chess.com"]
[Date "2023.10.24"]
[Round "2"]
[White "oskariot"]
[Black "Chessbard1972"]
[Result "1-0"]
[WhiteElo "2664"]
[BlackElo "2357"]
[TimeControl "180+1"]
[EndTime "14:18:21 PDT"]
[Termination "oskariot won by checkmate"]

1. e4 c5 2. Nf3 a6 3. c3 d5 4.
exd5 Qxd5 5. d4 Nf6 6. Be3 cxd4 7.
cxd4 Bg4 8. Nc3 Qd6 9. Qb3 Bxf3 10. gxf3 b5 11. a4 b4 12. Ne4 Nxe4 13. fxe4 Nd7 14.
e5 Qc6 15. d5 Qb7 16. e6 Nf6 17. O-O-O fxe6 18. dxe6 g6 19. Rg1 Rc8+ 20. Kb1 Bg7 21.
Bg2 Qb8 22. Rd7 O-O 23. Rxe7 Kh8 24. Rd1 Qxh2 25. Bb7 Rce8 26. Qxb4 Ng4 27. Rxg7 Nxe3 28. Rdd7 Nf5 29. Qc3 Qg1+ 30. Ka2 Nd4 31. Rxh7+ Kg8 32. Rdg7# 1-0

[Event "Late-Titled-Tuesday-Blitz-October-24-2023"]
[Site "Chess.com"]
[Date "2023.10.24"]
[Round "2"]
[White "subham777"]
[Black "KafkaesqueKnight"]
[Result "0-1"]
[WhiteElo "2510"]
[BlackElo "2328"]
[TimeControl "180+1"]
[EndTime "14:18:22 PDT"]
[Termination "KafkaesqueKnight won by checkmate"]

1. e4 c5 2. Nf3 d6 3. d4 cxd4 4. Qxd4 Nc6 5. Bb5 Nf6 6. e5 Nd7 7. Bxc6 bxc6 8. exd6 exd6 9. O-O Qf6 10. Qe4+ Ne5 11.
Nxe5 dxe5 12. f4 Bc5+ 13. Be3 Bf5 14. Qf3 e4 15. Qf2 Bxe3 16. Qxe3 Qxb2 17. Qc5 Qb6 18.
Qxb6 axb6 19. Nd2 O-O 20. Rfe1 Ra4 21. Re3 Rfa8 22. a3 Rd4 23. Nb3 Rc4 24. c3 c5 25.
h3 h5 26. Nd2 Rca4 27. c4 Kf8 28. Kh2 Rd8 29. Nxe4 Re8 30. Rae1 Bxe4 31. Rxe4 Rxe4 32. Rxe4 Rxa3 33. Re5 Rc3 34. Re4 g6 35. g4 h4 36.
Kg2 Kg7 37. f5 g5 38. Kh2 Kf6 39. Kg2 Rd3 40. Re8 Rd2+ 41. Kf3 Rd3+ 42. Kg2 Rc3 43. Rb8 Rxc4 44. Rxb6+ Ke5 45. Rb7 f6 46. Re7+ Kf4 47. Re6 Rc2+ 48. Kh1 Kg3 49. Rxf6 Rc1# 0-1

[Event "Late-Titled-Tuesday-Blitz-October-24-2023"]
[Site "Chess.com"]
[Date "2023.10.24"]
[Round "2"]
[White "kleinebeer98"]
[Black "aghasiyevkamal"]
[Result "0-1"]
[WhiteElo "2864"]
[BlackElo "2603"]
[TimeControl "180+1"]
[EndTime "14:18:24 PDT"]
[Termination "aghasiyevkamal won by checkmate"]

1. e4 e5 2. Nf3 Nc6 3. d4 exd4 4. Bc4 Bc5 5. Ng5 Nh6 6. Nxf7 Nxf7 7. Bxf7+ Kxf7 8. Qh5+ g6 9. Qxc5 d5 10. c3 dxe4 11.
O-O Re8 12. cxd4 Qxd4 13. Qg5 Qf6 14. Qg3 Nd4 15. Nc3 c6 16. Bg5 Qe5 17. Bf4 Qf6 18.
Bg5 Qe5 19. Qh4 h5 20. Rfe1 Bf5 21. Rad1 b5 22. Bf4 Qg7 23. Bh6 Qe5 24. h3 b4 25.
Bf4 Qg7 26. Na4 Rad8 27. Nc5 Ne2+ 28. Kh2 Rxd1 29. Rxd1 Nxf4 30. Qxf4 Qe5 31. Qxe5 Rxe5 32. Nb7 Rd5 33. Rc1 Rd2 34. Kg3 Rxb2 35. Nd8+ Kf6 36. Nxc6 a5 37. Nxa5 Rxa2 38. Rc6+ Kg7 39. Rc5 Kh6 40. Rb5 h4+ 41. Kxh4 Rxf2 42. g4 Rg2 43.
Rb6 e3 44. Nc4 e2 45. Ne3 e1=Q# 0-1

[Event "Late-Titled-Tuesday-Blitz-October-24-2023"]
[Site "Chess.com"]
[Date "2023.10.24"]
[Round "2"]
[White "arenal72"]
[Black "Evandro_Barbosa"]
[Result "0-1"]
[WhiteElo "2442"]
[BlackElo "2689"]
[TimeControl "180+1"]
[EndTime "14:18:24 PDT"]
[Termination "Evandro_Barbosa won on time"]

1. Nf3 c5 2. g3 Nc6 3. Bg2 g6 4.
O-O Bg7 5. d3 d6 6. c3 e5 7. e4 Nge7 8. a3 a5 9. Be3 O-O 10. h3 h6 11. d4 exd4 12. cxd4 b6 13. Nc3 Ba6 14. Re1 Re8 15. Qd2 Kh7 16. Rad1 Qc7 17.
dxc5 dxc5 18. Nd5 Qa7 19. Nh2 Nxd5 20. exd5 Nd4 21. b4 Nb3 22. Qc2 a4 23. d6 Rad8 24. Bc6 Re6 25. Bxa4 Nd4 26. Bxd4 Bxd4 27. Rxe6 fxe6 28.
Qe4 Qf7 29. Rxd4 cxd4 30. d7 d3 31. Qd4 e5 32. Qd6 b5 33. Qxa6 bxa4 34. Qxd3 Qxd7 35. Qe3 Qd1+ 36. Kg2 Qd5+ 37. Nf3 Rf8 38. g4 Qb3 39. Qe4 Rf4 40. Qb7+ Qf7 41. Qxf7+ Rxf7 42. Nxe5 Rc7 43. f4 Rc2+ 0-1

[Event "Late-Titled-Tuesday-Blitz-October-24-2023"]
[Site "Chess.com"]
[Date "2023.10.24"]
[Round "2"]
[White "BeanScreen"]
[Black "Nick12772"]
[Result "1-0"]
[WhiteElo "2711"]
[BlackElo "2368"]
[TimeControl "180+1"]
[EndTime "14:18:25 PDT"]
[Termination "BeanScreen won by resignation"]

1. e4 e6 2. d4 d5 3. Nc3 Bb4 4. exd5 exd5 5. Bd3 Ne7 6. Nf3 O-O 7. O-O Bf5 8. Bxf5 Nxf5 9. Qd3 Nh4 10. Nxh4 Qxh4 11. Nxd5 Bd6 12. g3 Qd8 13. Ne3 Nc6 14. Nf5 Ne7 15.
Bg5 f6 16. Nxd6 Qxd6 17. Bf4 Qd7 18. Qb3+ Nd5 19. Bxc7 Kh8 20. Ba5 b6 21. Bd2 Nc7 22.
Be3 Ne6 23. d5 Ng5 24. Bxg5 fxg5 25. c4 Qg4 26. Rae1 Rf3 27. Qc2 h5 28. Qe4 Rf4 29. Qg6 h4 30. Re7 Rg8 31. Re5 Rf6 32. Qxg5 Qf3 33.
Qh5+ Rh6 34. Qxf3 1-0

[Event "Late-Titled-Tuesday-Blitz-October-24-2023"]
[Site "Chess.com"]
[Date "2023.10.24"]
[Round "2"]
[White "Lord_Neezy"]
[Black "esskeettit"]
[Result "0-1"]
[WhiteElo "2209"]
[BlackElo "2494"]
[TimeControl "180+1"]
[EndTime "14:18:26 PDT"]
[Termination "esskeettit won on time"]

1. e4 c5 2. Nf3 Nc6 3. Bb5 g6 4. Bxc6 dxc6 5. d3 Bg7 6. O-O e5 7.
Be3 Qe7 8. Nc3 Nf6 9. h3 Nd7 10. Nh2 Nf8 11. f4 exf4 12. Bxf4 Ne6 13. Be3 O-O 14.
Qd2 Nd4 15. Rf2 Be6 16. Bh6 Rad8 17. Bg5 f6 18. Be3 c4 19. Nf3 Nxf3+ 20. Rxf3 cxd3 21.
cxd3 b6 22. d4 f5 23. exf5 Bxf5 24. Rd1 Rd7 25. Qf2 Re8 26. Bf4 Qb4 0-1

[Event "Late-Titled-Tuesday-Blitz-October-24-2023"]
[Site "Chess.com"]
[Date "2023.10.24"]
[Round "2"]
[White "yuki_chess123"]
[Black "Kombinator01"]
[Result "0-1"]
[WhiteElo "2111"]
[BlackElo "2442"]
[TimeControl "180+1"]
[EndTime "14:18:27 PDT"]
[Termination "Kombinator01 won on time"]

1. d4 Nf6 2. c4 c5 3. d5 b5 4.
cxb5 a6 5. b6 d6 6. Nc3 Nbd7 7.
Nf3 g6 8. e4 Bg7 9. Be2 O-O 10.
a4 Qxb6 11. a5 Qb4 12. Ra4 Qb7 13. O-O Ng4 14. Nd2 f5 15. h3 Ngf6 16. exf5 gxf5 17.
Nc4 Ne4 18. Nxe4 fxe4 19. Bg4 Nf6 20. Bxc8 Raxc8 21. Nb6 Rb8 22. Bg5 Nd7 23. Nxd7 Qxd7 24. Rxe4 Rf7 25. Qe2 Qf5 26. Rg4 Rxb2 27. Qe6 h5 28.
Rg3 Kf8 29. Rf3 Qxe6 30. dxe6 Rxf3 31. gxf3 c4 32. f4 c3 33. f5 Bd4 34. Kg2 Rb5 35.
Bh6+ Kg8 36. Rd1 Bf6 37. Rd3 Rxf5 38. Rg3+ Kh7 39. Be3 Rxa5 0-1

[Event "Late-Titled-Tuesday-Blitz-October-24-2023"]
[Site "Chess.com"]
[Date "2023.10.24"]
[Round "2"]
[White "sergeikim"]
[Black "jcibarra"]
[Result "0-1"]
[WhiteElo "2602"]
[BlackElo "2921"]
[TimeControl "180+1"]
[EndTime "14:18:28 PDT"]
[Termination "jcibarra won by checkmate"]

1. d4 Nf6 2. c4 e6 3. Nc3 Bb4 4. Qc2 d5 5. a3 Bxc3+ 6. Qxc3 dxc4 7. Qxc4 O-O 8. Nf3 b6 9. g3 Ba6 10. Qc2 Bb7 11. Bg2 Nbd7 12. O-O c5 13. Rd1 cxd4 14. Nxd4 Bxg2 15. Kxg2 Rc8 16. Qd2 Qc7 17. f3 Rfd8 18.
Qe1 h6 19. Be3 Qb7 20. Rac1 Ne5 21. Bg1 Nc4 22. Qb4 Qa6 23. Nc6 Rxd1 24. Ne7+ Kh7 25. Rxd1 Rc7 26. Rc1 Ne3+ 27. Bxe3 Qxe2+ 28. Kh3 Rxc1 29. Bxc1 Qf1+ 30. Kh4 Qxf3 31. Qd4 Qh5# 0-1

[Event "Late-Titled-Tuesday-Blitz-October-24-2023"]
[Site "Chess.com"]
[Date "2023.10.24"]
[Round "2"]
[White "Hirna2005"]
[Black "MaxLeto"]
[Result "0-1"]
[WhiteElo "2326"]
[BlackElo "2551"]
[TimeControl "180+1"]
[EndTime "14:18:33 PDT"]
[Termination "MaxLeto won by resignation"]

1. e4 c5 2. c3 Nf6 3. e5 Nd5 4. Nf3 e6 5. d4 cxd4 6. cxd4 b6 7.
Nc3 Bb7 8. Bd3 Nxc3 9. bxc3 d6 10. O-O Nd7 11. Ba3 Qc7 12. Rc1 dxe5 13. Bxf8 Kxf8 14.
Nxe5 Nxe5 15. dxe5 Qxe5 16. Re1 Qd5 17. Bf1 Qxd1 18.
Rcxd1 Ke7 19. Rd4 Rhd8 20. f4 g6 21. Kf2 Rac8 22. Rxd8 Kxd8 23. Re3 Rc5 24. g3 Bd5 25. Rd3 Ke7 26. a3 Ra5 27. Re3 Rxa3 28. g4 h6 29.
h4 a6 30. f5 gxf5 31. gxf5 b5 32. fxe6 fxe6 33. Kg3 Kf6 34. Kf4 Ra4+ 35. Kg3 Ra1 36. Bd3 Rg1+ 37. Kf2 Rg2+ 38. Kf1 Rh2 39. Rg3 Rxh4 40.
Rg6+ Ke5 41. Rg7 h5 42. Ra7 Ra4 43. Ke2 h4 44. Ke3 Ra3 45. Rh7 Rxc3 46. Rh5+ Kd6 47. Rxh4 Bc4 48. Kd2 Rxd3+ 49. Kc2 Kc5 0-1

[Event "Late-Titled-Tuesday-Blitz-October-24-2023"]
[Site "Chess.com"]
[Date "2023.10.24"]
[Round "2"]
[White "APOKALIPSA13"]
[Black "colegiodemadrid"]
[Result "1-0"]
[WhiteElo "2222"]
[BlackElo "2469"]
[TimeControl "180+1"]
[EndTime "14:18:33 PDT"]
[Termination "APOKALIPSA13 won by resignation"]

1. e4 c5 2. Nf3 d6 3. d4 cxd4 4. Nxd4 Nf6 5. Nc3 a6 6. Rg1 e5 7. Nb3 Be6 8. g4 d5 9. exd5 Nxd5 10. Nxd5 Qxd5 11. Qxd5 Bxd5 12. Bg2 Bxg2 13. Rxg2 Nc6 14.
Bd2 O-O-O 15. O-O-O Be7 16. f3 f6 17. Be3 Nb4 18. a3 Nd5 19. Bd2 b6 20. Re2 Kb7 21.
f4 Bd6 22. f5 a5 23. c4 Rc8 24. Re4 Nc7 25. Bxa5 bxa5 26. Rxd6 Nb5 27. Nxa5+ Ka7 28. Nc6+ Rxc6 29. Rxc6 Nd4 30. Rc7+ Kb6 31. Rxg7 Rc8 32.
Rxd4 exd4 33. b3 Re8 34. Rxh7 Re2 35. Rh6 d3 36. b4 Rc2+ 37. Kd1 Rxc4 38. Rxf6+ Kb5 39.
g5 Rg4 40. g6 Kc4 41. Rc6+ Kd4 42. Ke1 Rg2 43. f6 Rxg6 44. f7 Rxc6 45. f8=Q Rc1+ 46. Kf2 Rc2+ 47. Kf3 1-0

[Event "Late-Titled-Tuesday-Blitz-October-24-2023"]
[Site "Chess.com"]
[Date "2023.10.24"]
[Round "2"]
[White "TanitoluwaAps116"]
[Black "DanielNaroditsky"]
[Result "0-1"]
[WhiteElo "2638"]
[BlackElo "3206"]
[TimeControl "180+1"]
[EndTime "14:18:35 PDT"]
[Termination "DanielNaroditsky won by resignation"]

1. e4 c5 2. Nf3 d6 3. Bb5+ Nd7 4. c3 Nf6 5. Bd3 b6 6. O-O Bb7 7. Re1 e5 8. Bc2 Be7 9. d4 O-O 10. Nbd2 b5 11. Nf1 Re8 12. Ng3 Bf8 13. h3 g6 14.
Bg5 h6 15. Bd2 Bg7 16. Qe2 a6 17. Rad1 cxd4 18. cxd4 exd4 19. Nxd4 Nc5 20. Bf4 Nfxe4 21. Nxe4 Nxe4 22. f3 Qh4 23. Be3 Nf6 24. Qd2 Nd5 25. Bf2 Qf6 26. Be4 Rab8 27. Ne2 Nc7 28. Bxb7 Rxb7 29. Bd4 Qg5 30. f4 Qd5 31. Kf2 Ne6 32. Bxg7 Qxd2 33. Rxd2 Kxg7 34. Rxd6 Rbe7 35. Rd2 Nxf4 0-1

[Event "Late-Titled-Tuesday-Blitz-October-24-2023"]
[Site "Chess.com"]
[Date "2023.10.24"]
[Round "2"]
[White "WindWhistler11"]
[Black "zivicd"]
[Result "1-0"]
[WhiteElo "2434"]
[BlackElo "2083"]
[TimeControl "180+1"]
[EndTime "14:18:36 PDT"]
[Termination "WindWhistler11 won by resignation"]

1. Nf3 Nf6 2. g3 b6 3. d3 d5 4.
Nbd2 Bb7 5. Bg2 Nbd7 6. O-O e5 7. e4 Bd6 8. exd5 Bxd5 9. Nc4 O-O 10. Re1 Re8 11.
Ne3 Bb7 12. Nf5 Bf8 13. a4 e4 14. dxe4 Bxe4 15. Ne3 Nc5 16. Bd2 a5 17. Bc3 Nd5 18. Nxd5 Qxd5 19. Qxd5 Bxd5 20. Be5 Ne6 21. Rad1 Bc6 22.
b3 f6 23. Bc3 Kf7 24. h4 Kg8 25. h5 h6 26. Re2 Nc5 27. Rde1 Rxe2 28. Rxe2 Rd8 29.
Nd4 Bxg2 30. Kxg2 Kf7 31. Nf5 Rd5 32. g4 Rd8 33. Nd4 Re8 34. Rxe8 Kxe8 35. Kf3 Kd7 36. Ke3 Ne6 37. Nf5 Bc5+ 38. Kf3 Bf8 39. Ke4 c5 40. f4 Kc6 41. Bd2 Nc7 42. Ne3 Bd6 43. Nc4 Ne6 44. c3 Nf8 45. Kf5 Bc7 46. Be3 Kd5 47.
Bd2 Bd8 48. Ne3+ Kc6 49. Ke4 Kd6 50. Nf5+ Kd7 51. Nxg7 1-0

[Event "Late-Titled-Tuesday-Blitz-October-24-2023"]
[Site "Chess.com"]
[Date "2023.10.24"]
[Round "2"]
[White "Elbebiber"]
[Black "Nf3c5"]
[Result "0-1"]
[WhiteElo "2143"]
[BlackElo "2607"]
[TimeControl "180+1"]
[EndTime "14:18:37 PDT"]
[Termination "Nf3c5 won by resignation"]

1. d4 Nf6 2. Bg5 e6 3. Nf3 h6 4. Bxf6 Qxf6 5. e3 b6 6. Be2 Bb7 7. c4 Bb4+ 8. Nc3 O-O 9. Qb3 a5 10. a3 a4 11. Qc2 Bxc3+ 12. Qxc3 d6 13. Rc1 Nd7 14. O-O Qg6 15. Kh1 Nf6 16. Qc2 Ne4 17. Bd3 f5 18. Ne1 Rf6 19. f3 Raf8 20. Bxe4 fxe4 21.
f4 e5 22. dxe5 dxe5 23. g3 exf4 24. Rxf4 Rxf4 25. gxf4 Rd8 26. Rd1 Rd3 27. Ng2 Qd6 28. Rxd3 exd3 29. Qd2 Qc6 30. Kg1 Qxg2+ 31. Qxg2 Bxg2 32. Kf2 Be4 33. Ke1 c5 34. Kd2 Kf7 0-1

[Event "Late-Titled-Tuesday-Blitz-October-24-2023"]
[Site "Chess.com"]
[Date "2023.10.24"]
[Round "2"]
[White "steepedgames"]
[Black "familijatop71"]
[Result "1-0"]
[WhiteElo "2449"]
[BlackElo "2133"]
[TimeControl "180+1"]
[EndTime "14:18:39 PDT"]
[Termination "steepedgames won on time"]

1. d4 Nf6 2. Bg5 d5 3. Bxf6 exf6 4. c4 dxc4 5. Nc3 c6 6. a4 Bd6 7. e3 f5 8. Bxc4 Nd7 9. Nge2 Nf6 10. g3 Qe7 11.
Qc2 g6 12. Nf4 Ne4 13. h4 Bxf4 14. gxf4 h5 15. Bd3 Nxc3 16. Qxc3 O-O 17. b4 a6 18.
a5 Be6 19. Qc5 Qd7 20. Qe5 Bd5 21. Rg1 Kh7 22. Ke2 Rae8 23. Qf6 Re6 24. Qg5 Be4 25. Bc4 Bd5 26. Rac1 Bxc4+ 27. Rxc4 Rfe8 28. Rgc1 Qd5 29. Kf1 Qh1+ 30. Ke2 Qh2 31. Kf3 Qh3+ 32. Ke2 Rxe3+ 33. fxe3 Qxe3+ 34. Kf1 Qf3+ 35. Kg1 Qe3+ 36. Kh1 Qf3+ 37. Qg2 Qxf4 38. R4c2 Qxh4+ 39. Kg1 Re4 40. Qh2 Rg4+ 41. Rg2 1-0

[Event "Late-Titled-Tuesday-Blitz-October-24-2023"]
[Site "Chess.com"]
[Date "2023.10.24"]
[Round "2"]
[White "PapiPapita"]
[Black "vladislavkovalev"]
[Result "0-1"]
[WhiteElo "2575"]
[BlackElo "2869"]
[TimeControl "180+1"]
[EndTime "14:18:40 PDT"]
[Termination "vladislavkovalev won by resignation"]

1. d4 Nf6 2. Nf3 e6 3. Bg5 d5 4.
Nbd2 c5 5. c3 cxd4 6. cxd4 Nc6 7. e3 h6 8. Bh4 Qb6 9. Qb3 Ne4 10. Nxe4 dxe4 11. Nd2 Bb4 12. Kd1 Nxd4 13. exd4 Qxd4 14. Qe3 Qd5 15. a3 Bxd2 16. Qxd2 Qh5+ 17. Ke1 Qxh4 18.
Bb5+ Ke7 19. Rd1 Qg5 20. Qb4+ Kf6 21. h4 Qxg2 22. Qc3+ e5 23. Rd6+ Be6 24. Rh3 Rac8 25.
Qe3 Rhd8 26. Bf1 Qxh3 27. Rxd8 Qxe3+ 28. fxe3 Rxd8 0-1

[Event "Late-Titled-Tuesday-Blitz-October-24-2023"]
[Site "Chess.com"]
[Date "2023.10.24"]
[Round "2"]
[White "pasteta13"]
[Black "rychessmaster1"]
[Result "0-1"]
[WhiteElo "2463"]
[BlackElo "2691"]
[TimeControl "180+1"]
[EndTime "14:18:41 PDT"]
[Termination "rychessmaster1 won on time"]

1. e4 c6 2. Nf3 d5 3. exd5 cxd5 4. c4 Nf6 5. d4 g6 6. Nc3 Bg7 7. cxd5 Nxd5 8. Bc4 Nb6 9. Bb3 O-O 10. h3 Nc6 11.
Be3 Na5 12. O-O Nxb3 13. Qxb3 Be6 14. d5 Nxd5 15. Rfd1 Nxe3 16. Rxd8 Bxb3 17. Rxf8+ Kxf8 18. axb3 Nc2 19. Ra4 a6 20. Kf1 Rd8 21. Rc4 Nd4 22.
Nxd4 Bxd4 23. Rc7 b6 24. Ke2 h5 25. g4 h4 26. f4 Bxc3 27. bxc3 Rd5 28. c4 Ra5 29. Rb7 b5 30. c5 b4 31. c6 Rc5 32.
c7 Ke8 33. g5 f6 34. gxf6 exf6 35. Kf3 f5 36. Rxb4 Rxc7 37. Rb6 Rc3+ 38. Kg2 Kf7 39. Rxa6 Rxb3 40. Ra7+ Kg8 41. Rc7 Rg3+ 42. Kh2 Rf3 43.
Rc4 Rf2+ 44. Kg1 Ra2 45. Rc7 Ra4 46. Rc6 Kg7 47. Rc7+ Kh6 0-1

[Event "Late-Titled-Tuesday-Blitz-October-24-2023"]
[Site "Chess.com"]
[Date "2023.10.24"]
[Round "2"]
[White "biostatistician"]
[Black "dmitrijiIM"]
[Result "0-1"]
[WhiteElo "2589"]
[BlackElo "2890"]
[TimeControl "180+1"]
[EndTime "14:18:43 PDT"]
[Termination "dmitrijiIM won by resignation"]

1. d4 d5 2. Nf3 Nf6 3. c4 e6 4. Bg5 Be7 5. e3 Nbd7 6. Nc3 c6 7.
Bd3 dxc4 8. Bxc4 b5 9. Bd3 a6 10. O-O Bb7 11. Bxf6 gxf6 12. e4 c5 13. d5 c4 14. Bc2 Nc5 15. Qe2 Qb6 16. Rad1 O-O-O 17. dxe6 fxe6 18. e5 f5 19. Rxd8+ Rxd8 20. Rd1 Rxd1+ 21. Qxd1 b4 22. Na4 Nxa4 23. Bxa4 Bd5 24. Bc2 Bc5 25. Qe2 h6 26. Nd2 Qb5 27. b3 c3 28. Bd3 c2 29.
Bxb5 c1=Q+ 30. Qf1 Qxd2 31. Bxa6+ Kc7 32. Qe2 Qxe2 33.
Bxe2 Bd4 34. g3 Bxe5 35. f4 Bd4+ 36. Kf1 Kd6 37. Bd3 Be4 38. Bxe4 fxe4 39. Ke2 Kd5 40. g4 Bf6 41. Ke3 Be7 42. h3 Bc5+ 43. Ke2 Kd4 44. h4 Bd6 45. g5 Bxf4 46. gxh6 Bxh6 47. h5 Kc3 48. Ke1 Kb2 0-1

[Event "Late-Titled-Tuesday-Blitz-October-24-2023"]
[Site "Chess.com"]
[Date "2023.10.24"]
[Round "2"]
[White "jk13"]
[Black "Schwindle"]
[Result "1-0"]
[WhiteElo "2687"]
[BlackElo "2424"]
[TimeControl "180+1"]
[EndTime "14:18:44 PDT"]
[Termination "jk13 won by resignation"]

1. e4 e6 2. Nf3 c5 3. c3 d5 4.
exd5 exd5 5. d4 Nf6 6. Bb5+ Bd7 7.
Bxd7+ Nbxd7 8. O-O cxd4 9. Re1+ Be7 10. Nxd4 O-O 11. Nd2 Bd6 12. N2f3 Ne4 13. Nf5 Ndf6 14. Be3 Bc7 15. Bd4 Re8 16. Qb3 Qd7 17. Ne3 a6 18. Rad1 Rad8 19. g3 Qh3 20. Bxf6 Nxf6 21. Nxd5 Nxd5 22.
Rxe8+ Rxe8 23. Qxd5 h6 24. Qxb7 Re7 25. Qd5 Bb6 26. Nd4 Qg4 27. Qf3 Qg6 28. Nf5 Re6 29. Rd6 Qf6 30. Rxe6 Qxe6 31. Kg2 Qxa2 32. b4 Qe6 33. h4 Kh7 34. h5 Qf6 35. c4 g6 36.
hxg6+ fxg6 37. Ne3 Qg7 38. Nd5 Bd4 39. c5 h5 40. Qe4 Qf6 41. Nxf6+ 1-0

[Event "Late-Titled-Tuesday-Blitz-October-24-2023"]
[Site "Chess.com"]
[Date "2023.10.24"]
[Round "2"]
[White "Duhless"]
[Black "ellatambien"]
[Result "1-0"]
[WhiteElo "3111"]
[BlackElo "2637"]
[TimeControl "180+1"]
[EndTime "14:18:47 PDT"]
[Termination "Duhless won by resignation"]

1. d4 Nf6 2. Nf3 d5 3. c4 e6 4. g3 Be7 5. Bg2 O-O 6. O-O dxc4 7. Qc2 b5 8. Ne5 c6 9. Rd1 Bb7 10. Nc3 Nd5 11. Ne4 Nd7 12. Nxd7 Qxd7 13. b3 cxb3 14. axb3 a5 15. Nc5 Qc7 16. e4 Nb4 17. Qc3 Rfd8 18.
Bf4 Qb6 19. h4 Bc8 20. h5 Ra7 21. h6 g6 22. d5 Bf8 23. Be3 Qc7 24. Bg5 exd5 25.
Bxd8 Qxd8 26. exd5 cxd5 27. Ne4 Bxh6 28. Nf6+ Kh8 29. Rac1 Be6 30. Qd4 Re7 31. Bxd5 Bg7 32. Qh4 h5 33. Bxe6 Nd3 34. Nxh5 gxh5 35. Qxh5+ Kg8 36. Rc8 1-0

[Event "Late-Titled-Tuesday-Blitz-October-24-2023"]
[Site "Chess.com"]
[Date "2023.10.24"]
[Round "2"]
[White "GiorgianBarbosa"]
[Black "larsmandreassen"]
[Result "1-0"]
[WhiteElo "2436"]
[BlackElo "2109"]
[TimeControl "180+1"]
[EndTime "14:18:48 PDT"]
[Termination "GiorgianBarbosa won by resignation"]

1. e4 d6 2. d4 Nf6 3. Nc3 e5 4. Nf3 Nbd7 5. Bc4 Be7 6. O-O O-O 7. h3 c6 8. a4 Qc7 9. Re1 a6 10. a5 h6 11. b3 exd4 12. Nxd4 Nc5 13. Bf4 Nfd7 14.
Nf5 Ne5 15. Nxe7+ Qxe7 16. Bf1 f5 17. exf5 Rxf5 18. Bg3 Be6 19. Qd4 Raf8 20. Rad1 Bd5 21. Nxd5 cxd5 22. Qxd5+ Kh8 23. f4 Qc7 24. fxe5 Qxa5 25.
Qxd6 Qc3 26. Kh2 Qxc2 27. Rc1 Qxb3 28. Qxc5 Rg5 29. Qxf8+ Kh7 30. Qf2 h5 31. Qc2+ Qxc2 32. Rxc2 h4 33. Bxh4 Rf5 34. Bd3 g6 35. Bxf5 gxf5 36.
e6 Kg6 37. e7 1-0

[Event "Late-Titled-Tuesday-Blitz-October-24-2023"]
[Site "Chess.com"]
[Date "2023.10.24"]
[Round "2"]
[White "AlleyOoper"]
[Black "pooh2012"]
[Result "0-1"]
[WhiteElo "2673"]
[BlackElo "2460"]
[TimeControl "180+1"]
[EndTime "14:18:50 PDT"]
[Termination "pooh2012 won by checkmate"]

1. d4 Nf6 2. Nc3 d5 3. Bf4 a6 4. e3 Bf5 5. f3 h5 6. Bd3 Bxd3 7. Qxd3 e6 8. e4 Bb4 9. Ne2 Nbd7 10. Bg5 Be7 11. e5 Ng8 12. Be3 Nh6 13. Bxh6 Rxh6 14.
f4 c5 15. O-O cxd4 16. Nxd4 Nc5 17. Qh3 Qb6 18. Kh1 Qxb2 19. Nce2 Qb6 20. f5 Qc7 21.
fxe6 Nxe6 22. Nxe6 fxe6 23. Nf4 Qd7 24. c4 O-O-O 25. cxd5 exd5 26. e6 Qd6 27. Rad1 d4 28.
Rfe1 g5 29. Nxh5 Rdh8 30. g4 Qd5+ 31. Qg2 Qxg2+ 32. Kxg2 Bc5 33. Re5 b6 34. Rxg5 Rxe6 35. Nf4 Re3 36. Nd3 Re2+ 37. Kf3 Rhxh2 38. Nxc5 Re3+ 39.
Kf4 Rf2# 0-1

[Event "Late-Titled-Tuesday-Blitz-October-24-2023"]
[Site "Chess.com"]
[Date "2023.10.24"]
[Round "2"]
[White "johnathan113"]
[Black "Apocalyps999"]
[Result "0-1"]
[WhiteElo "2633"]
[BlackElo "2316"]
[TimeControl "180+1"]
[EndTime "14:18:50 PDT"]
[Termination "Apocalyps999 won by checkmate"]

1. e4 e5 2. Nf3 Nc6 3. d4 exd4 4. Nxd4 Bc5 5. Nb3 Bb6 6. Nc3 Nf6 7. Qe2 O-O 8. Be3 Re8 9. f3 d5 10. O-O-O d4 11. Na4 Nxe4 12. Nxb6 axb6 13. Nxd4 Nd6 14. Nxc6 bxc6 15. Kb1 Qe7 16. Re1 Be6 17. a3 Nc4 18. Bd4 Qd6 19. Qf2 Nxa3+ 20. bxa3 Qxa3 21. Bb2 Qb4 22.
Re4 Qa5 23. Qg3 f6 24. Bd3 Qd2 25. Rhe1 Ba2+ 26. Ka1 Rxe4 27. fxe4 Bb3+ 28. Kb1 Ba2+ 29. Ka1 Qa5 30. e5 Bb3+ 31. Kb1 Ba2+ 32. Kc1 Bf7 33. e6 g6 34. exf7+ Kf8 35. Qxc7 Qxe1# 0-1

[Event "Late-Titled-Tuesday-Blitz-October-24-2023"]
[Site "Chess.com"]
[Date "2023.10.24"]
[Round "2"]
[White "falzehope0"]
[Black "Semetey"]
[Result "0-1"]
[WhiteElo "2312"]
[BlackElo "2524"]
[TimeControl "180+1"]
[EndTime "14:18:50 PDT"]
[Termination "Semetey won by checkmate"]

1. d4 a6 2. e3 d5 3. Bd3 c6 4. f4 Nf6 5. Nf3 Bg4 6. O-O e6 7. Nbd2 Nbd7 8. Qe1 Bxf3 9. gxf3 c5 10. c3 Be7 11. Kh1 O-O 12. Rg1 Kh8 13. Qg3 g6 14. Qh3 cxd4 15. cxd4 Rc8 16. Nf1 Qb6 17. b3 Rc3 18. Be2 Rfc8 19. Bd2 R3c6 20. Rd1 Bb4 21. Bd3 Bxd2 22. Nxd2 Rc3 23. Nb1 R3c6 24. Qh4 Qa5 25. Qf2 b5 26. e4 b4 27. e5 Nh5 28. Rg4 Rc1 29. Rgg1 Rxd1 30. Rxd1 Qb6 31. Qe3 a5 32. Rg1 Nb8 33. f5 exf5 34. Bxf5 gxf5 35. Qg5 Qg6 36. Qe7 Nc6 37. Qb7 Qe6 38. Qb6 Nf4 39. Nd2 Ne2 40.
Re1 Nexd4 41. f4 Rg8 42. Rg1 Rxg1+ 43. Kxg1 Ne2+ 44. Kf2 Nxf4 45. Nf3 Nd3+ 46. Kf1 Ndxe5 47. Nd4 Nxd4 48. Qxd4 h6 49. a4 bxa3 50. Qa1 Qd6 51.
Kg2 Kh7 52. Kh3 Ng4 53. b4 Qxh2# 0-1